 Dungeon Crawl Stone Soup version 0.20.0-15-g7f486f2 (webtiles) character file.

217 vishdafish the Covered (level 5, -4/33 HPs)
             Began as a Gargoyle Fighter on June 25, 2017.
             Slain by an ogre
             ... wielding a +0 giant spiked club
              (27 damage)
             ... on level 3 of the Dungeon on June 26, 2017.
             The game lasted 00:02:20 (2092 turns).

vishdafish the Covered (Gargoyle Fighter)           Turns: 2092, Time: 00:02:21

Health: -4/33      AC: 12    Str: 20    XL:     5   Next: 94%
Magic:  5/5        EV:  7    Int:  8    God:
Gold:   133        SH:  9    Dex: 10    Spells: 4/4 levels left

rFire    . . .     SeeInvis +   a - +0 flail
rCold    . . .     Gourm    .   c - +0 shield
rNeg     + . .     Faith    .   b - +0 scale mail
rPois    ∞         Spirit   .   l - +0 helmet {SInv}
rElec    +         Reflect  .   (no cloak)
rCorr    .         Harm     .   (no gloves)
MR       .....                  (no boots)
Stlth    ..........             (no amulet)
Regen    0.2/turn               (no ring)
MPRegen  0.1/turn               (no ring)

@: no status effects
A: negative energy resistance 1, electricity resistance, unbreathing,
petrification resistance, rot immunity, AC +4
a: no special abilities


You were on level 3 of the Dungeon.
You were not hungry.

You visited 1 branch of the dungeon, and saw 3 of its levels.

You collected 133 gold pieces.

Inventory:

Hand Weapons
 a - a +0 flail (weapon)
Armour
 b - a +0 scale mail (worn)
 c - a +0 shield (worn)
 l - a +0 helmet of see invisible (worn)
Jewellery
 k - an uncursed ring of fire {unknown}
Scrolls
 g - 2 scrolls of identify
 i - a scroll of recharging {unknown}
 m - 2 scrolls of remove curse
 o - a scroll of fear {unknown}
 p - a scroll of teleportation {unknown}
Potions
 d - a potion of mutation {unknown}
 e - a potion of cancellation {unknown}
 h - 3 potions of curing
 j - a potion of resistance {unknown}
 n - a potion of haste {unknown}
Comestibles
 f - a bread ration


   Skills:
 + Level 4.1 Fighting
 + Level 3.8 Maces & Flails
 + Level 4.4 Armour
 + Level 0.7 Dodging
 + Level 0.5 Stealth
 + Level 4.1 Shields


You had 4 spell levels left.
You didn't know any spells.

Dungeon Overview and Level Annotations

Branches:
Dungeon (3/15)

Altars:


Innate Abilities, Weirdness & Mutations

You are resistant to torment.
Your stone body is resilient. (AC +4)
You are immune to poison.
You resist negative energy. (rN+)
You are resistant to electric shocks. (rElec)
You can survive without breathing.
You are immune to petrification.
You are immune to rotting.


Message History

You hit the ogre but do no damage.
The ogre is lightly wounded.
The ogre hits you with a giant spiked club!
You are too injured to fight recklessly!
You are too injured to fight recklessly!
You are too injured to fight recklessly!
You are too injured to fight recklessly!
You are too injured to fight recklessly!
You are too injured to fight recklessly!
You are too injured to fight recklessly!
It was a potion of curing.
You feel better. The ogre hits you but does no damage.
You barely miss the ogre.
The ogre is lightly wounded.
You block the ogre's attack.
You completely miss the ogre.
The ogre is lightly wounded.
The ogre hits you with a giant spiked club!!
Ouch! That really hurt!
You die...

#....#+#### #.. +....+
#.###....# #.......##
#[......#####
#...........# ###
#.######....#
.....#####.######....#
#.........O@...'....+
#.#######.######....#
#.# ###### #.# #.. ###


You could see an ogre.

Vanquished Creatures
  Sigmund (D:3)
  3 adders (D:2)
  2 oozes (D:2)
  A dart slug (D:1)
  2 leopard geckos
  3 bats (D:1)
  2 giant cockroaches
  4 hobgoblins
  4 jackals (D:1)
  A frilled lizard (D:2)
  3 kobolds
  5 rats
31 creatures vanquished.

Notes
Turn   | Place    | Note
-------+----------+-------------------------------------------
     0 | D:1      | vishdafish the Gargoyle Fighter began the quest for the Orb.
     0 | D:1      | Reached XP level 1. HP: 14/14 MP: 1/1
    97 | D:1      | Reached XP level 2. HP: 7/19 MP: 2/2
   750 | D:2      | Reached XP level 3. HP: 24/24 MP: 3/3
  1706 | D:2      | Reached XP level 4. HP: 29/29 MP: 4/4
  1872 | D:3      | Noticed Sigmund
  1888 | D:3      | Killed Sigmund
  1888 | D:3      | Reached XP level 5. HP: 19/33 MP: 5/5
  2079 | D:3      | Noticed an ogre
  2092 | D:3      | Slain by an ogre

Skill      XL: |  1  2  3  4 |
---------------+-------------+-----
Armour         | 4 |  4.4
Fighting       | 4 |  4.1
Maces & Flails | 3 |  3.8
Shields        | 4 |  4.1
Dodging        | |  0.7
Stealth        | |  0.5

Action                   |  1- 3 |  4- 6 || total
-------------------------+-------+-------++-------
Melee: Flail             |   100 |    30 ||   130
  Use: Potion            |       |     2 ||     2
       Scroll            |       |     2 ||     2
  Eat: Bread ration      |     1 |       ||     1
Armor: Scale mail        |    64 |    14 ||    78
Dodge: Dodged            |    52 |     6 ||    58
Block: Shield            |    70 |    14 ||    84
